 Dungeon Crawl Stone Soup version 0.26-a0-466-g989023bd0d (webtiles) character file.

Game seed: 14039301421241035208

2091 Error4North the Cleaver (level 9, -1/77 (78) HPs)
             Began as a Hill Orc Fighter on July 16, 2020.
             Was a Follower of Okawaru.
             Slain by a killer bee (7 damage)
             ... on level 7 of the Dungeon on Aug 2, 2020.
             The game lasted 00:15:54 (6620 turns).

Error4North the Cleaver (Hill Orc Fighter)          Turns: 6620, Time: 00:15:55

HP:   -1/77 (78)    AC: 14    Str: 20    XL:     9   Next: 27%
MP:   11/11         EV:  7    Int: 10    God:    Okawaru [*.....]
Gold: 449           SH: 15    Dex: 16    Spells: 8/8 levels left

rFire    . . .     SeeInvis .   a - +0 war axe
rCold    . . .     Faith    .   c - +0 kite shield
rNeg     + . .     Spirit   .   B - +0 chain mail (curse)
rPois    .         Reflect  .   i - +0 helmet
rElec    .         Harm     .   p - +0 cloak
rCorr    .                      s - +0 pair of gloves (curse)
MR       .....                  (no boots)
Stlth    ..........             (no amulet)
HPRegen  0.22/turn              h - +6 ring of dexterity
MPRegen  0.12/turn              z - ring of positive energy

@: brilliant, lethally poisoned (-1 -> -8), stab, flying
A: large bone plates 1, blink
a: Blink, Heroism, Renounce Religion


You were on level 7 of the Dungeon.
You worshipped Okawaru.
Okawaru was aware of your devotion.
You visited 2 branches of the dungeon, and saw 8 of its levels.

You collected 449 gold pieces.

Inventory:

Hand Weapons
 a - a +0 war axe (weapon)
Armour
 c - a +0 kite shield (worn)
 i - a +0 helmet (worn)
 p - a +0 cloak (worn)
 s - a cursed +0 pair of gloves (worn)
 B - a cursed +0 chain mail (worn)
Jewellery
 h - a +6 ring of dexterity (left hand)
 z - a ring of positive energy (right hand)
Wands
 d - a wand of acid (3)
 A - a wand of iceblast (5)
Scrolls
 g - a scroll of fog {unknown}
 j - 3 scrolls of enchant weapon {unknown}
 k - 5 scrolls of teleportation {unknown}
 l - 4 scrolls of fear {unknown}
 m - 4 scrolls of identify {unknown}
 q - a scroll of amnesia {unknown}
 t - 3 scrolls of immolation {unknown}
 u - 5 scrolls of remove curse {unknown}
 w - a scroll of random uselessness {unknown}
 y - 2 scrolls of blinking {unknown}
Potions
 n - 2 potions of curing {unknown}
 o - 2 potions of haste {unknown}
 v - a potion of mutation
Comestibles
 f - 28 removed foods


   Skills:
 * Level 6.9 Fighting
 + Level 8.6 Axes
 * Level 7.0 Armour
 + Level 1.6 Dodging
 + Level 1.1 Stealth
 * Level 6.3 Shields
 * Level 3.1 Invocations
 * Level 2.2 Evocations


You had 8 spell levels left.
You didn't know any spells.
Your spell library contained the following spells:

 Spells                   Type           Power        Failure   Level
 Corona                   Hex            #......      100%        1
 Ensorcelled Hibernation  Hex/Ice        #.....       100%        2
 Poisonous Vapours        Pois/Air       #.....       100%        2
 Confusing Touch          Hex            #.......     100%        3
 Dazzling Flash           Conj/Hex       #.....       100%        3
 Tukima's Dance           Hex            #.......     100%        3
 Airstrike                Air            #.........   100%        4
 Cause Fear               Hex            #.........   100%        4
 Silence                  Hex/Air        #.........   100%        5
 Yara's Violent Unravell  Hex/Tmut       #.........   100%        5
 Controlled Blink         Tloc           N/A          100%        8
 Discord                  Hex            #.........   100%        8


Dungeon Overview and Level Annotations

Branches:
Dungeon (7/15)             Temple (1/1) D:4

Altars:
Ashenzari
Cheibriados
Dithmenos
Elyvilon
Fedhas
Gozag
Hepliaklqana
Kikubaaqudgha
Nemelex Xobeh
Okawaru
Qazlal
Ru
Sif Muna
Trog
Uskayaw
Vehumet
Wu Jian
Xom
Zin
The Shining One


Innate Abilities, Weirdness & Mutations

You are partially covered in large bone plates. (SH +4)
You can translocate small distances at will.


Message History

A killer bee comes into view.
You block something's attack.
Deactivating autopickup; reactivate with Ctrl-A.
The killer bee stings you but does no damage.
You block the killer bee's attack.
You closely miss the killer bee.
The killer bee is moderately wounded.
You miss the killer bee. You closely miss something.
* * * LOW HITPOINT WARNING * * *
You feel sick.
The killer bee buzzes angrily.
The killer bee stings you but does no damage.
You block the killer bee's attack. x2; Something hits you but does no damage.
The killer bee stings you but does no damage.
It was a potion of brilliance.
You feel clever all of a sudden.
* * * LOW HITPOINT WARNING * * *
You feel sick. You block the killer bee's attack.
The killer bee barely misses you. The killer bee stings you!
You die...

.#.###...###
...........#
...........# #
##.####.##.# .# ##.#
#.##.# .. ##.####....#
.# ........##.# ..#..
.....#...#)#######y.....
.....>.#........@yy....#
.....#...#.#....{yy.##.#
.....##.##.#..#######
##.#.##.......#
#.........#.##
###.#######.# #.# #.#
#.# #.# ####.#


You could see 5 killer bees.

Vanquished Creatures
  Pikel (D:6)
  Menkaure (D:7)
  2 ice beasts
  A sky beast (D:6)
  A necrophage (D:7)
  A centaur (D:7)
  2 lemures (D:5)
  A bullfrog (D:5)
  A wyvern skeleton (D:6)
  2 scorpions
  2 hounds (D:6)
  2 quasits
  A jelly (D:6)
  4 orc priests
  3 orc wizards (D:4)
  Natasha (thrice) (D:3)
  3 iguanas
  7 worker ants
  A hound skeleton (D:4)
  A worker ant zombie (D:5)
  5 adders
  A white imp (D:6)
  An ufetubus (D:6)
  An adder zombie (D:6)
  An adder skeleton (D:4)
  3 worms
  A dart slug (D:3)
  3 leopard geckos
  11 orcs
  A ball python (D:6)
  11 bats
  3 giant cockroaches
  7 goblins
  14 hobgoblins
  9 jackals
  9 kobolds
  2 quokkas
  4 frilled lizards
  A leopard gecko skeleton (D:7)
  A leopard gecko zombie (D:5)
  6 rats
135 creatures vanquished.

Notes
Turn   | Place    | Note
-------+----------+-------------------------------------------
     0 | D:1      | Error4North the Hill Orc Fighter began the quest for the
                  | Orb.
     0 | D:1      | Reached XP level 1. HP: 19/19 MP: 1/1
   152 | D:1      | Reached XP level 2. HP: 27/27 MP: 2/2
   290 | D:1      | Reached XP level 3. HP: 32/33 MP: 3/3
   692 | D:2      | Reached skill level 3 in Axes
   787 | D:2      | Found a sacrificial altar of Ru.
  1284 | D:2      | Noticed an ice beast
  1293 | D:2      | Killed an ice beast
  1293 | D:2      | Reached skill level 4 in Axes
  1293 | D:2      | Reached XP level 4. HP: 16/41 MP: 4/4
  1293 | D:2      | Reached XP level 5. HP: 18/47 MP: 5/5
  2008 | D:3      | Found a white marble altar of Elyvilon.
  2095 | D:3      | Noticed Natasha
  2099 | D:3      | Killed Natasha
  2136 | D:3      | Found a sparkling altar of Nemelex Xobeh.
  2164 | D:3      | Noticed Natasha
  2178 | D:3      | Killed Natasha
  2179 | D:3      | Found a blossoming altar of Fedhas.
  2316 | D:3      | Found a glowing silver altar of Zin.
  2410 | D:3      | Reached XP level 6. HP: 47/55 MP: 6/6
  2481 | D:3      | Noticed Natasha
  2487 | D:3      | Killed Natasha
  2492 | D:3      | Reached skill level 5 in Axes
  2940 | D:4      | Reached skill level 5 in Fighting
  2966 | D:4      | Reached skill level 1 in Stealth
  3121 | D:4      | Found a hazy altar of Hepliaklqana.
  3162 | D:4      | Reached skill level 6 in Axes
  3162 | D:4      | Reached XP level 7. HP: 42/61 MP: 7/7
  3348 | D:4      | Found a snail-covered altar of Cheibriados.
  3486 | D:4      | Found a staircase to the Ecumenical Temple.
  3511 | Temple   | Entered the Ecumenical Temple
  3602 | Temple   | Became a worshipper of Warmaster Okawaru
  3792 | D:4      | Reached skill level 5 in Armour
  4018 | D:5      | Entered Level 5 of the Dungeon
  4283 | D:5      | Found an opulent altar of Gozag.
  4452 | D:5      | Reached skill level 1 in Dodging
  4629 | D:5      | Reached skill level 7 in Axes
  4629 | D:5      | Reached skill level 5 in Shields
  4645 | D:5      | Found a radiant altar of Vehumet.
  4739 | D:6      | Noticed Pikel
  4929 | D:6      | Upgraded the game from 0.26-a0-259-g1effd001a9 to
                  | 0.26-a0-466-g989023bd0d
  4961 | D:6      | Reached XP level 8. HP: 63/70 MP: 8/8
  5212 | D:6      | Found a shattered altar of Ashenzari.
  5347 | D:6      | Reached * piety under Okawaru
  5581 | D:6      | Killed Pikel
  5581 | D:6      | Reached skill level 1 in Evocations
  5596 | D:6      | Reached skill level 8 in Axes
  6061 | D:6      | Identified Fumis's Almanac of Spatial Air
  6362 | D:7      | Reached XP level 9. HP: 66/78 MP: 10/10
  6592 | D:7      | Noticed Menkaure
  6599 | D:7      | Killed Menkaure
  6617 | D:7      | Gained mutation: Your muscles are strong. (Str +2) [potion
                  | of mutation]
  6617 | D:7      | Gained mutation: You are partially covered in large bone
                  | plates. (SH +4) [potion of mutation]
  6617 | D:7      | Lost mutation: Your muscles are strong. (Str +2) [potion of
                  | mutation]
  6617 | D:7      | Gained mutation: You can translocate small distances at
                  | will. [potion of mutation]
  6620 | D:7      | Slain by a killer bee

Illustrated notes

Levels and vault maps discovered:
D:1:      dpeg_arrival_rooms_c, layout_basic, minmay_tall_x
D:2:      wad_crossroads, layout_basic, nicolae_ru_the_path_less_chosen,
          minmay_misc_feat_alley, minmay_misc_feat_roman
D:3:      minmay_recursive_quarters, layout_loops_ring, zin_scriptorium,
          nemelex_xobeh_ov_fountains_minmay, lemuel_doored_altar, first_ration,
          elyvilon_altar_3, uniq_natasha
D:4:      layout_cave_pools, marbit_many_paths, cheibriados_altar_1,
          minmay_temple_entry_statues_pillars, chequers_serial_rivers_small_a
D:5:      layout_basic, lemuel_crystal_altar, lemuel_coloured_pillars_altar
D:6:      layout_basic, lemuel_round_altar, grunt_decor_arrowhead,
          kennysheep_cross_bottleneck, roderic_lattice_a, nrook_loot_triangle,
          uniq_pikel
D:7:      layout_loops_ring, chequers_ossuary_entry_cave, uniq_menkaure
Temple:   minmay_temple_curvy_loop

Skill      XL: |  1  2  3  4  5  6  7  8  9 |
---------------+----------------------------+-----
Fighting       | 4 5 6 |  6.9
Axes           | 4 6 7 8 |  8.6
Armour         | 4 5 6 7 |  7.0
Shields        | 4 5 6 |  6.3
Stealth        | 1 |  1.1
Dodging        | 1 |  1.6
Invocations    | 2 3 |  3.1
Evocations     | 1 2 |  2.2

Action                   |  1- 3 |  4- 6 |  7- 9 || total
-------------------------+-------+-------+-------++-------
Melee: War axe           |   104 |   115 |   239 ||   458
Invok: Heroism           |       |       |     2 ||     2
  Use: Potion            |       |       |     6 ||     6
  Eat: Removed food      |     1 |     2 |     1 ||     4
Armor: Scale mail        |    75 |    48 |   108 ||   231
       Chain mail        |       |       |    37 ||    37
Dodge: Dodged            |    44 |    34 |    97 ||   175
Block: Kite shield       |    66 |    69 |   160 ||   295

Table legend: (Time is in decaauts)
 A = Elapsed time spent in this place.
 B = Non-inter-level travel time spent in this place.
 C = Inter-level travel time spent in this place.
 D = Time resting spent in this place.
 E = Time spent auto-exploring this place.
 F = Levels seen in this place.
 G = Mean time per level.
                   A        B        C        D        E       F      G
               +--------+--------+--------+--------+--------+-----+--------+
         Total |   6748 |   6700 |     48 |    998 |   3791 |   8 |  843.5 |
       Dungeon |   6533 |   6485 |     48 |    998 |   3605 |   7 |  933.3 |
        Temple |    215 |    215 |      0 |      0 |    186 |   1 |  215.0 |
               +--------+--------+--------+--------+--------+-----+--------+

Top non-repeatable levels by time:
     D:6: 1430 daAuts
     D:7: 280 daAuts
Note: time per level data comes from an upgraded game and may be incomplete.
